Map: Celestial Enclave LE

Players

Tlalok

  • Race: Zerg Zerg
  • League: Bronze
  • Spawn Location: 1:00

RawStick - Winner!

  • Race: Zerg Zerg
  • League: Master
  • Spawn Location: 7:00

VOD

Have the link to the VOD?

Description

Time

  • Played on: Jan. 17, 2026, 9:23 a.m.
  • Length: 16:01
Show
View Real Time Build Order
Export as new Build Order

Tlalok Zerg 

Build Orders: Hatch First, Swarm Host 

Get SALT Encoding   

  12  0:04  Drone  
  13  0:08  Drone  
  13  0:13  Extractor  
  13  0:16  Drone  
  15  0:50  Hatchery  
  15  0:55  Spawning Pool  
  15  0:56  Drone  
  14  1:02  Overlord  
  14  1:08  Extractor  
  14  1:09  Drone  
  14  1:22  Drone x2  
  16  1:28  Drone  
  17  1:53  Zergling x4  
  19  1:55  Spine Crawler  
  18  2:02  Zergling x4  
  20  2:12  Lair  
  20  2:35  Extractor  
  19  2:47  Evolution Chamber  
  19  2:48  Drone x2  
  19  2:49  Drone  
  19  2:50  Drone x3  
  24  2:54  Queen  
  25  3:26  Zergling x4  
  24  3:43  Metabolic Boost  
  24  3:59  Zerg Melee Weapons Level 1  
  24  4:22  Hatchery  
  21  4:38  Zergling x14  
  28  4:58  Spore Crawler, Infestation Pit  
  26  5:01  Spore Crawler  
  26  5:02  Spore Crawler  
  24  5:32  Drone  
  24  5:33  Drone x5  
  28  5:50  Hatchery  
  28  5:53  Zerg Ground Armor Level 1  
  28  5:54  Extractor  
  21  6:09  Zergling x4  
  21  6:10  Zergling x4  
  25  7:02  Queen  
  25  7:03  Swarm Host  
  30  7:29  Swarm Host x2  
  36  7:49  Spine Crawler  
  35  7:52  Spine Crawler  
  35  7:56  Spore Crawler  
  33  8:05  Swarm Host x2  
  39  8:20  Overlord x2  
  39  8:41  Swarm Host x2  
  45  8:58  Swarm Host  
  45  9:01  Swarm Host  
  51  9:09  Overseer  
  47  10:15  Zergling x4  
  47  10:16  Zergling x8  
  53  10:56  Zergling x10  
  53  10:57  Zergling x2  
  33  11:37  Zergling x2  
  33  11:38  Zergling x18  
  33  11:39  Zergling x2  
  29  12:17  Swarm Host  
  29  12:20  Zergling x2  
  27  12:39  Spine Crawler  
  21  13:06  Swarm Host x4  
  33  13:22  Zerg Missile Weapons Level 1  
  33  13:34  Overlord x2  
  33  13:35  Overlord  
  33  13:55  Overseer  
  33  13:57  Swarm Host  
  33  13:58  Swarm Host  
  39  14:16  Nydus Network  
Show
View Real Time Build Order
Export as new Build Order

RawStick Zerg - Winner!

Build Orders: Hatch First 

Get SALT Encoding   

  12  0:04  Drone  
  13  0:15  Overlord  
  13  0:17  Drone  
  14  0:34  Drone  
  15  0:42  Drone x2  
  17  0:58  Drone  
  17  0:59  Hatchery  
  17  1:04  Extractor  
  16  1:08  Drone  
  17  1:21  Spawning Pool  
  16  1:35  Drone x3  
  19  1:47  Overlord  
  19  2:00  Drone  
  20  2:10  Queen  
  22  2:15  Queen  
  24  2:23  Zergling x2  
  24  2:24  Zergling x2  
  26  2:38  Drone  
  26  2:40  Drone  
  28  2:45  Metabolic Boost  
  28  2:54  Drone x2  
  28  2:55  Drone x2  
  28  3:13  Zergling x8  
  19  3:36  Spine Crawler  
  17  4:12  Drone  
  17  4:13  Drone  
  19  4:19  Drone  
  19  4:20  Drone x3  
  19  4:21  Drone  
  24  4:27  Zergling x2  
  25  4:33  Drone  
  26  4:39  Queen  
  28  4:49  Drone x2  
  28  4:50  Drone  
  31  5:11  Overlord  
  31  5:17  Hatchery  
  30  5:36  Queen  
  30  5:54  Zergling x2  
  30  5:55  Zergling x16  
  30  5:56  Zergling x2  
  38  6:10  Roach Warren  
  37  6:14  Spine Crawler  
  36  6:19  Spine Crawler  
  35  6:30  Drone x6, Extractor  
  35  6:31  Overlord  
  40  6:51  Lair  
  40  6:59  Roach x2, Zergling x2  
  40  7:00  Drone x3  
  49  7:15  Drone  
  49  7:16  Overlord  
  49  7:18  Overlord  
  49  7:21  Roach  
  51  7:24  Drone  
  52  7:37  Overlord  
  52  7:38  Overlord x2  
  52  7:39  Overlord x2  
  52  7:40  Overlord  
  52  7:52  Glial Reconstitution  
  52  7:57  Roach x2  
  52  7:58  Roach  
  58  8:02  Drone x2  
  58  8:04  Drone  
  61  8:06  Drone  
  61  8:09  Drone  
  61  8:11  Drone  
  64  8:13  Drone  
  64  8:19  Drone  
  66  8:20  Drone  
  66  8:21  Drone  
  68  8:28  Roach x2  
  72  8:38  Roach x3  
  78  8:43  Drone x2  
  80  8:54  Roach  
  80  8:55  Drone, Zergling x2  
  84  8:56  Roach  
  86  9:07  Roach x3, Zergling x4  
  60  10:00  Ravager x3  
  60  10:02  Roach x2  
  60  10:03  Roach x8  
  60  10:04  Roach x4  
  91  10:22  Roach x5  
  91  10:24  Ravager x3  
  91  10:27  Roach  
  106  10:29  Zergling x4  
  106  10:32  Zergling x2  
  64  11:53  Roach x7  
  64  11:54  Roach x7  
  86  11:55  Roach x3  
  86  11:58  Zergling x6  
  101  12:09  Roach  
  101  12:10  Roach x3  
  109  12:27  Hatchery  
  108  12:34  Extractor  
  101  12:47  Ravager x3  
  101  12:48  Ravager  
  105  13:15  Hatchery  
  104  13:35  Zergling x16  
  104  13:36  Zergling x8  
  104  13:38  Overlord x4  
  104  13:39  Overlord x3  
  116  13:52  Infestation Pit  
  115  14:07  Ravager x2  
  115  14:08  Ravager x2  
  119  14:14  Roach x2  
  119  14:15  Zergling x4  
  119  14:16  Zergling x8  
  129  14:40  Roach x4  
  129  14:41  Roach x2  
Tags
 
Add a new tag
Caveats
  • Supply blocks, unpowered buildings, or Contaminate may cause inaccurate times.
  • Supply counts are checked every 10 seconds.